 Dungeon Crawl Stone Soup version 0.30.0-29-ga12c61a403 (webtiles) character file.

Game seed: 4531492311519937559

3866 Riddle the Thaumaturge (level 10, -13/67 HPs)
             Began as a Djinni Fire Elementalist on June 5, 2023.
             Was a Follower of Makhleb.
             Mangled by a two-headed ogre
             ... wielding a +0 giant club
              (23 damage)
             ... on level 8 of the Dungeon.
             The game lasted 00:13:59 (7782 turns).

Riddle the Thaumaturge (Djinni Fire Elementalist)   Turns: 7782, Time: 00:14:03

Health: -13/67     AC:  7    Str: 13    XL:     10   Next: 41%
Gold:   328        EV: 18    Int: 20    God:    Makhleb [*.....] SH:  0 Dex: 15

rFire   + + +        A - staff of fire
rCold   . . .        (no shield)
rNeg    . . .        q - +2 leather armour {rC+}
rPois   ∞            p - +0 helmet
rElec   .            f - +0 cloak
rCorr   .            (no gloves)
SInv    .            (boots unavailable)
Will    +....        (no amulet)
Stlth   ++           k - +5 ring of evasion
HPRegen 0.31/turn    z - +6 ring of strength
MPRegen 0.00/turn

%: infuse magic (-14 HP)
@: flying
A: sickness immunity, fire resistance 2, cold vulnerability 1, float, innate
caster, HP casting, extra vitality 1
a: Renounce Religion


You were on level 8 of the Dungeon.
You worshipped Makhleb.
Makhleb was aware of your devotion.
You visited 2 branches of the dungeon, and saw 9 of its levels.

You collected 328 gold pieces.

Inventory:

Missiles
 s - 9 throwing nets
Armour
 f - a +0 cloak (worn)
 p - a +0 helmet (worn)
 q - a +2 leather armour of cold resistance (worn)
 F - +0 steam dragon scales
Magical Staves
 A - a staff of fire (weapon)
Jewellery
 k - a +5 ring of evasion (left hand)
 z - a +6 ring of strength (right hand)
Wands
 B - a wand of flame (12)
 D - a wand of charming (6)
Scrolls
 a - 3 scrolls of identify
 b - a scroll of acquirement {unknown}
 c - 3 scrolls of blinking {unknown}
 d - a scroll of brand weapon {unknown}
 h - a scroll of silence {unknown}
 j - a scroll of noise {unknown}
 n - a scroll of enchant armour {unknown}
 r - 3 scrolls of amnesia {unknown}
 v - a scroll of immolation {unknown}
 x - 2 scrolls of teleportation {unknown}
 y - a scroll of enchant weapon {unknown}
 C - a scroll of magic mapping {unknown}
Potions
 e - 3 potions of invisibility
 g - 4 potions of mutation {unknown}
 i - a potion of resistance {unknown}
 l - 3 potions of curing
 m - 2 potions of attraction {unknown}
 o - a potion of degeneration {unknown}
 t - a potion of heal wounds {unknown}
 u - 4 potions of might
 w - a potion of haste {unknown}
 E - a potion of magic {unknown}


   Skills:
 + Level 3.0 Fighting
 + Level 3.5 Armour
 + Level 4.3 Dodging
 + Level 3.9 Stealth
 + Level 9.9 Spellcasting


You knew the following spells:

 Your Spells              Type           Power      Damage    Failure   Level
a - Foxfire               Conj/Fire      100%       2x1d9     1%          1
b - Scorch                Fire           100%       2d9       1%          2
c - Volatile Blastmotes   Fire/Tloc      100%       2d18      1%          3
d - Inner Flame           Hex/Fire       65%        N/A       1%          3
e - Flame Wave            Conj/Fire      65%        2d15      1%          4
f - Freeze                Ice            100%       1d10      1%          1
g - Passwall              Tmut/Erth      40%        N/A       1%          2
h - Call Canine Familiar  Summ           49%        N/A       1%          3
i - Anguish               Hex/Necr       24%        N/A       1%          4
Your spell library was empty.

Dungeon Overview and Level Annotations

Branches:
Dungeon (8/15)             Temple (1/1) D:6
   Lair: D:8-11

Altars:
Ashenzari
Cheibriados
Dithmenos
Elyvilon
Fedhas
Gozag
Hepliaklqana
Makhleb
Nemelex Xobeh
Okawaru
Qazlal
Ru
Trog
Uskayaw
Wu Jian
Xom
Yredelemnul
Zin
The Shining One

Shops:
D:2 (   D:5 [   D:8 (


Innate Abilities, Weirdness & Mutations

You are immune to sickness and miasma.
You are immune to poison.
Your flesh is very heat resistant. (rF++)
You are vulnerable to cold. (rC-)
You float through the air rather than walking.
You learn spells naturally, not from books.
Your magical power is your life essence.
You have superior vitality. (+4 MHP)


Message History

The rakshasa blinks!
Unknown command.
Casting: Scorch (safe; 1% risk of failure)
Confirm with . or Enter, or press ? or * to list all spells.
Casting: Flame Wave (dangerous; 1% risk of failure)
Press: ? - help, Dir - look around, f - activate You feel a surge of power!
A wave of flame ripples out!
The flame wave engulfs the rakshasa!
The rakshasa is burned terribly!
The rakshasa is moderately wounded. (Press . to intensify the flame waves.)
The rakshasa barely misses you.
A wave of flame ripples out!
The flame wave engulfs the rakshasa!
The rakshasa is burned terribly!
The rakshasa is moderately wounded.
The rakshasa is no longer more vulnerable to fire.
The rakshasa hits you with a +0 trident.
A two-headed ogre comes into view.
It is wielding a +0 giant club and a +0 giant spiked club.
A wave of flame ripples out!
The flame wave engulfs the rakshasa.
The rakshasa is heavily wounded.
The flame wave engulfs the two-headed ogre!!
The two-headed ogre is moderately wounded.
You finish channelling waves of flame.
The rakshasa hits you with a +0 trident!
Unknown command.
Casting: Flame Wave (dangerous; 1% risk of failure)
Confirm with . or Enter, or press ? or * to list all spells.
Casting: Flame Wave (dangerous; 1% risk of failure)
Press: ? - help, Dir - look around, f - activate You feel a surge of power!
A wave of flame ripples out!
The flame wave engulfs the rakshasa!!
The rakshasa is severely wounded. (Press . to intensify the flame waves.)
The rakshasa gestures at you. The lance of force hits you!
You are knocked back by the lance of force.
You collide with the two-headed ogre!
The two-headed ogre is heavily wounded.
* * * LOW HITPOINT WARNING * * *
The two-headed ogre hits you with a +0 giant club!!
You die...

.............#....#
.............# ...#
##...>.......# ...#
##.......∩...# ...+
##..####+###.# #..#
##..####<.##.###..##
.....#........'.R..#
.....#........#....#
##..############@.##
##..# #O.# ......
...). .......
........ .##+####
#######..# ## ..#
... ..


You could see a rakshasa and a two-headed ogre.

Vanquished Creatures
  A two-headed ogre (D:8)
  The ghost of onwiheg the Fighter, a novice FoFi (D:5)
  A steam dragon (D:8)
  Grum (D:6)
  A water moccasin (D:7)
  2 orc warriors
  2 black bears
  An ice beast (D:7)
  2 ogres
  A wolf (D:6)
  3 centaurs
  2 bullfrogs (D:6)
  4 scorpions
  3 gnoll sergeants (D:6)
  An electric eel (D:6)
  3 howler monkeys (D:7)
  13 hounds
  2 gnoll boudas (D:6)
  An orc priest (D:6)
  A sleepcap (D:6)
  An iguana (D:4)
  3 orc wizards
  A mummy (D:7)
  17 gnolls (D:6)
  7 adders
  A white imp (D:7)
  5 worms
  2 dart slugs (D:5)
  20 orcs
  4 ball pythons
  2 endoplasms
  3 giant cockroaches
  5 goblins
  7 hobgoblins
  10 jackals
  4 kobolds
  4 quokkas
  4 bats
  3 frilled lizards
  A hobgoblin zombie (D:7)
  2 kobold zombies (D:7)
  An orc zombie (D:7)
  7 rats
160 creatures vanquished.

Vanquished Creatures (collateral kills)
  8 foxfires
8 creatures vanquished.

Vanquished Creatures (others)
  1117 foxfires
1117 creatures vanquished.

Grand Total: 1285 creatures vanquished

Notes
Turn   | Place    | Note
-------+----------+-------------------------------------------
     0 | D:1      | Riddle the Djinni Fire Elementalist began the quest for the
                  | Orb.
     0 | D:1      | Riddle set off with the following spells memorised:
                  | Foxfire, Scorch, Volatile Blastmotes, Inner Flame, Flame
                  | Wave.
     0 | D:1      | Reached XP level 1. HP: 15/15 MP: 0/0
   236 | D:1      | Reached XP level 2. HP: 20/21 MP: 0/0
   613 | D:1      | Found a faded altar of an unknown god.
   882 | D:2      | Found Ovuhiruc's Weapon Boutique.
   918 | D:2      | Reached skill level 3 in Spellcasting
   918 | D:2      | Reached XP level 3. HP: 23/25 MP: 0/0
   918 | D:2      | Learned a level 1 spell: Freeze
  1956 | D:3      | Reached XP level 4. HP: 26/31 MP: 0/0
  2084 | D:3      | Reached XP level 5. HP: 22/35 MP: 0/0
  2084 | D:3      | Learned a level 2 spell: Passwall
  2257 | D:3      | Reached skill level 4 in Spellcasting
  3129 | D:4      | Found a blossoming altar of Fedhas.
  3142 | D:4      | Reached XP level 6. HP: 35/40 MP: 0/0
  3170 | D:4      | Noticed a black bear
  3176 | D:4      | Killed a black bear
  3256 | D:4      | Reached skill level 5 in Spellcasting
  3256 | D:4      | Reached XP level 7. HP: 42/45 MP: 0/0
  3256 | D:4      | Learned a level 3 spell: Call Canine Familiar
  3641 | D:5      | Entered Level 5 of the Dungeon
  3882 | D:5      | Found Faigh's Antique Armour Shoppe.
  4011 | D:5      | Noticed onwiheg's ghost (novice FoFi)
  4015 | D:5      | Found a runed translucent door.
  4425 | D:5      | Killed onwiheg's ghost
  4426 | D:5      | Reached skill level 1 in Armour
  4426 | D:5      | Reached skill level 6 in Spellcasting
  4426 | D:5      | Reached XP level 8. HP: 23/51 MP: 0/0
  4962 | D:6      | Reached skill level 1 in Fighting
  5076 | D:6      | Reached XP level 9. HP: 50/58 MP: 0/0
  5076 | D:6      | Learned a level 4 spell: Anguish
  5105 | D:6      | Found a staircase to the Ecumenical Temple.
  5109 | D:6      | Reached skill level 7 in Spellcasting
  5189 | Temple   | Entered the Ecumenical Temple
  5353 | Temple   | Became a worshipper of Makhleb the Destroyer
  5513 | D:6      | Identified the +5 mace "Giococ" {venom, +Blink Str+2 Dex+5}
  5774 | D:6      | Reached * piety under Makhleb
  5846 | D:6      | Reached skill level 8 in Spellcasting
  6252 | D:6      | Found an opulent altar of Gozag.
  6338 | D:6      | Noticed Grum
  6346 | D:6      | Killed Grum
  6494 | D:6      | Found a stormy altar of Qazlal.
  6633 | D:6      | Found a hide-covered altar of Uskayaw.
  7240 | D:7      | Reached XP level 10. HP: 50/66 MP: 0/0
  7359 | D:7      | Reached skill level 9 in Spellcasting
  7734 | D:8      | Found Kedugg's Weapon Boutique.
  7768 | D:8      | Noticed a two-headed ogre
  7775 | D:8      | Killed a two-headed ogre
  7777 | D:8      | Noticed a rakshasa
  7780 | D:8      | Noticed a two-headed ogre
  7782 | D:8      | Mangled by a two-headed ogre

Illustrated notes

Levels and vault maps discovered:
D:1:      dreamdust_arrival_beginning_and_end, layout_basic,
          ebering_ecumenical_altar_abandoned, serial_bayou_lagoon_b
D:2:      layout_rooms, serial_shops, nicolae_shop_bloodbath_and_beyond
D:3:      layout_basic, kennysheep_another_room
D:4:      layout_rooms, mainiacjoe_overflow_chevrons,
          wad_floor_pattern_untrapped, bh_walls_and_bars
D:5:      layout_basic, serial_shops, shop, hellmonk_ghost_happy_afterlife,
          grunt_ministairs_9
D:6:      layout_cave_pools, mainiacjoe_overflow_tiny_flanked,
          general_overflow_altar, lemuel_coloured_pillars_altar,
          minmay_temple_entry_gardened_gates, serial_gnoll_camp, grums_kennel,
          gnoll_camp_mini_hut, gnoll_camp_huts_moat, gnoll_camp_mini_basic
D:7:      layout_loops_ring, mainiacjoe_overflow_boulevard, minmay_mini_ossuary
D:8:      layout_gridville, serial_shops, nicolae_diamond_shop,
          nicolae_shop_stone, shop, kennysheep_mini_moat, uniq_grum
Temple:   minmay_temple_bridge_d

Skill      XL: |  1  2  3  4  5  6  7  8  9 10 |
---------------+-------------------------------+-----
Spellcasting   | 3 4 5 6 8 9 |  9.9
Stealth        | 2 3 |  3.9
Dodging        | 3 4 |  4.3
Armour         | 1 2 3 |  3.5
Fighting       | 2 3 |  3.0

Action                     |  1- 3 |  4- 6 |  7- 9 | 10-12 || total
---------------------------+-------+-------+-------+-------++-------
  Melee: Unarmed           |    17 |       |     1 |       ||    18
         Staff             |       |       |     1 |       ||     1
   Cast: Foxfire           |   185 |   119 |   359 |    39 ||   702
         Scorch            |       |       |    18 |     3 ||    21
         Passwall          |       |       |     1 |       ||     1
         Flame Wave        |       |       |       |     3 ||     3
    Use: Scroll            |       |       |     3 |       ||     3
         Potion            |       |       |     3 |       ||     3
 Armour: Robe              |     7 |     1 |       |       ||     8
         Leather armour    |       |       |    17 |       ||    17
  Dodge: Dodged            |    35 |    14 |    71 |     3 ||   123
